 Dungeon Crawl Stone Soup version 0.29-a0-275-g389c0b56f3 (webtiles) character file.

Game seed: 2551417865987077622

7 bande the Covered (level 2, -1/19 HPs)
             Began as a Gargoyle Fighter on Mar 12, 2022.
             Slain by an adder (4 damage)
             ... on level 2 of the Dungeon.
             The game lasted 00:00:45 (892 turns).

bande the Covered (Gargoyle Fighter)                 Turns: 892, Time: 00:00:46

Health: -1/19      AC:  9    Str: 19    XL:     2   Next: 4%
Magic:  2/2        EV:  9    Int:  8    God:
Gold:   24         SH:  4    Dex:  9    Spells: 1/1 levels left

rFire   . . .      SeeInvis .   a - +0 war axe
rCold   . . .      Faith    .   c - +0 buckler
rNeg    + . .      Spirit   .   b - +0 scale mail
rPois   ∞          Reflect  .   (no helmet)
rElec   +          Harm     .   (no cloak)
rCorr   .          Rampage  .   (no gloves)
Will    .....                   (no boots)
Stlth   ..........              (no amulet)
HPRegen 0.06/turn               (no ring)
MPRegen 0.08/turn               (no ring)

@: no status effects
A: sickness immunity, AC +2, negative energy resistance 1, electricity
resistance, torment resistance 1, petrification resistance
a: no special abilities


You were on level 2 of the Dungeon.
You visited 1 branch of the dungeon, and saw 2 of its levels.

You collected 24 gold pieces.

Inventory:

Hand Weapons
 a - a +0 war axe (weapon)
Armour
 b - a +0 scale mail (worn)
 c - a +0 buckler (worn)
Jewellery
 g - a +6 ring of strength
Scrolls
 f - 2 scrolls of identify {unknown}
 n - a scroll of teleportation {unknown}
Potions
 d - a potion of might
 e - a potion of degeneration {unknown}
 h - a potion of magic {unknown}
 i - a potion of haste {unknown}
 j - a potion of invisibility {unknown}
 k - 3 potions of heal wounds {unknown}
 l - a potion of cancellation {unknown}
 m - a potion of curing {unknown}


   Skills:
 + Level 3.4 Fighting
 + Level 1.8 Axes
 + Level 3.5 Armour
 + Level 3.4 Shields


You had one spell level left.
You didn't know any spells.
Your spell library was empty.

Dungeon Overview and Level Annotations

Branches:
Dungeon (2/15)

Altars:


Innate Abilities, Weirdness & Mutations

You are immune to sickness and miasma.
Your stone body is resilient. (AC +2)
You are immune to poison.
You resist negative energy. (rN+)
You are resistant to electric shocks. (rElec)
You are resistant to unholy torment.
You are immune to petrification.


Message History

You barely miss the goblin.
The goblin is heavily wounded.
The goblin hits you with a +0 dagger. The goblin hits you but does no damage.
You hit the goblin.
You kill the goblin!
You have reached level 2!
Unknown command.
You see here a +0 dagger.
Key pressed, stopping explore.
There is an open door here.
There is a stone staircase leading down here.
f - 2 scrolls labelled HAWOAC CEILAE (gained 1) Done exploring.
Done exploring.
Done exploring.
There is a stone staircase leading down here.
You climb downwards.
The kobold shouts!
The adder hisses angrily.
Found 11 gold pieces.
Found a stone staircase leading down.
There is a stone staircase leading up here.
The bat hits you but does no damage. The quokka closely misses you.
You closely miss the quokka. You hit the worm.
The bat hits you but does no damage. The quokka barely misses you.
You block the worm's attack.
You barely miss the adder. You barely miss the quokka. You hit the worm.
You closely miss the kobold. The quokka bites you. The bat barely misses you.
The adder bites you but does no damage. The kobold closely misses you.
The quokka bites you. The worm bites you but does no damage.
The adder bites you but does no damage.
You hit the worm.
The worm is heavily wounded.
You barely miss the quokka. You barely miss the bat. You slash the adder!
You closely miss the kobold. The bat closely misses you.
The bat hits you but does no damage. The quokka closely misses you.
You block the kobold's attack. The adder bites you but does no damage.
The quokka bites you. The bat hits you. The kobold hits you but does no damage.
The worm bites you!
* * * LOW HITPOINT WARNING * * *
The adder bites you.
You die...

#..# ..
#..####..
.........
##.......#
##..8...8..
#..........
#.....8....
#...
#.b@..8....
#.rwK......
##..8...8$.
##.......#
##.......
.###### .#
.#


You could see a worm, an adder, a quokka, a bat and a kobold.

Vanquished Creatures
  4 goblins (D:1)
  A quokka (D:1)
  A rat (D:1)
6 creatures vanquished.

Notes
Turn   | Place    | Note
-------+----------+-------------------------------------------
     0 | D:1      | bande the Gargoyle Fighter began the quest for the Orb.
     0 | D:1      | Reached XP level 1. HP: 14/14 MP: 1/1
   332 | D:1      | Found a faded altar of an unknown god.
   668 | D:1      | Reached XP level 2. HP: 12/19 MP: 2/2
   892 | D:2      | Slain by an adder

Illustrated notes

Levels and vault maps discovered:
D:1:      dpeg_arrival_orchard, layout_basic, shapermc_ecumenical_altar_venn
D:2:      layout_loops_ring, serial_forest, infiniplex_forest_join,
          infiniplex_forest_zigzag_1, infiniplex_forest_split,
          infiniplex_forest_lined_room_2, infiniplex_forest_clump_diagonal,
          infiniplex_forest_clump_small, infiniplex_forest_end_2,
          infiniplex_forest_side_room, infiniplex_forest_pool,
          grunt_ministairs_10, uniq_robin

Action                   || total
-------------------------++-------
Melee: War axe           ||    21
Armor: Scale mail        ||    16
Dodge: Dodged            ||    10
Block: Buckler           ||     5

Table legend: (Time is in decaauts)
 A = Elapsed time spent in this place.
 B = Non-inter-level travel time spent in this place.
 C = Inter-level travel time spent in this place.
 D = Time resting spent in this place.
 E = Time spent auto-exploring this place.
 F = Levels seen in this place.
 G = Mean time per level.
                   A        B        C        D        E       F      G
               +--------+--------+--------+--------+--------+-----+--------+
         Total |    901 |    886 |     15 |      0 |    803 |   2 |  450.5 |
       Dungeon |    901 |    886 |     15 |      0 |    803 |   2 |  450.5 |
               +--------+--------+--------+--------+--------+-----+--------+

Top non-repeatable levels by time:
     D:1: 896 daAuts
     D:2: 4 daAuts
